 Dungeon Sprint DCSS version 0.31-a0-632-g766dd24fdf (webtiles) character file.

Game seed: 17165341697690438680

7997 sircluck the Brawler (level 11, -1/127 HPs)
             Began as a Troll Berserker on Aug 25, 2023.
             Was a High Priest of Trog.
             Slain by an unseen horror (11 damage)
             ... in the Dungeon (Sprint I: "Red Sonja").
             The game lasted 00:05:17 (964 turns).

sircluck the Brawler (Troll Berserker)               Turns: 964, Time: 00:05:18

Health: -1/127     AC: -9    Str: 31    XL:     11   Next: 4%
Magic:  8/8        EV: 14    Int:  1    God:    Trog [*****.]
Gold:   799        SH:  0    Dex: 11    Spells: 10/10 levels left

rFire   . .          .
                       - Unarmed
rCold   . . .        (no shield)
rNeg    . . .        j - +0 robe {Will+}
rPois   .            (helmet restricted)
rElec   .            (no cloak)
rCorr   .            (gloves unavailable)
SInv    .            (boots unavailable)
Will    +++..        q - amulet of regeneration
Stlth   ++           (no ring)
HPRegen 3.01/turn    (no ring)
MPRegen 0.11/turn

%: no teleportation
@: strong-willed, corroded, regenerating
A: large, unfitting armour, claws 3, regeneration 1, shaggy fur 1, tough skin 1,
beak, thin skeletal structure 1, deformed body, dopey 1, low MP 1, inability to
read after injury 1, devolution 1
a: Renounce Religion, Berserk, Trog's Hand, Brothers in Arms


You were in the Dungeon.
You worshipped Trog.
Trog was extremely pleased with you.
You visited 1 branch You collected 1094 gold pieces.
You spent 295 gold pieces at shops.

Inventory:

Missiles
 i - 6 stones
 k - 5 curare-tipped darts
Armour
 a - a +0 animal skin
 j - a +0 robe of willpower (worn)
Jewellery
 q - an amulet of regeneration (around neck)
Wands
 h - a wand of iceblast (4)
Scrolls
 g - a scroll of blinking
 l - a scroll of brand weapon {unknown}
 m - a scroll of poison {unknown}
Potions
 b - 3 potions of curing
 d - a potion of haste
 e - 2 potions of magic
 f - a potion of berserk rage
 n - a potion of cancellation {unknown}
 p - 2 potions of attraction {unknown}


   Skills:
 + Level 13.6 Fighting
 + Level 13.4 Dodging
 + Level 15.8 Unarmed Combat


You had 10 spell levels left.
You didn't know any spells.
Your spell library was empty.

Dungeon Overview and Level Annotations

Branches:
Dungeon (1/1)

Altars:
Cheibriados
Dithmenos
Elyvilon
Fedhas
Gozag
Hepliaklqana
Kikubaaqudgha
Makhleb
Nemelex Xobeh
Okawaru
Qazlal
Ru
Sif Muna
Trog
Uskayaw
Vehumet
Wu Jian
Xom
Yredelemnul
Zin
The Shining One
Jiyva
Lugonu

Shops:
D (*!*:[[


Innate Abilities, Weirdness & Mutations

You are too large for most types of armour.
You have claws for hands.
Your natural rate of healing is unusually fast.
You are covered in fur. (AC +1)
You have tough skin. (AC +1)
You have a beak for a mouth.
You have a somewhat thin skeletal structure. (Dex +2, Stealth+)
Armour fits poorly on your strangely shaped body.
You are dopey. (Int -2)
Your magical capacity is low. (-10% MP)
You occasionally lose the ability to read scrolls when taking damage.
You have hidden genetic defects.


Message History

The necrophage is almost destroyed.
The necrophage hits you! The jelly barely misses you. Something hits you!
You mangle the necrophage!!
You destroy the necrophage!
Trog accepts your kill. Something hits you! Something hits you.
The jelly hits you.
You are splashed with acid.
You are too injured to fight recklessly!
Something hits you. The jelly hits you.
You are splashed with acid!
Something barely misses you. Something hits you. Something hits you!
Something hits you.
* * * LOW HITPOINT WARNING * * *
Something hits you.
* * * LOW HITPOINT WARNING * * *
Something hits you!
* * * LOW HITPOINT WARNING * * *
Something hits you!
* * * LOW HITPOINT WARNING * * *
There is an open door, spattered with blood here.
You feel much better. Something hits you!
* * * LOW HITPOINT WARNING * * *
Something hits you.
* * * LOW HITPOINT WARNING * * *
You miss something. Something hits you.
* * * LOW HITPOINT WARNING * * *
You miss something. Something hits you!
* * * LOW HITPOINT WARNING * * *
You closely miss something. Something barely misses you.
You closely miss something. Your peck misses something. Something hits you!
* * * LOW HITPOINT WARNING * * *
You scratch something but do no damage. Something hits you.
* * * LOW HITPOINT WARNING * * *
You feel better. Something hits you!
* * * LOW HITPOINT WARNING * * *
Your skin crawls.
You feel strong-willed. Something hits you!
* * * LOW HITPOINT WARNING * * *
Something hits you!
You die...

_###)#.#...[###.'.#
####.####'###)###†#
..'...'.....'.∩##.#
###...###########.#
####.###. #.#
.#.#'#.#.. +§#
.#.....#+..######§#
.#..)..#...†.nJ{#§#
.#######....n§n#@§#
.# $)......{~####
.# /.......~~# .#
......~~~## ##
#..~~~~### ∩#
+###### .# ∩# ##


You could see a jelly.

Vanquished Creatures
  2 centaur warriors (D)
  Sonja (D)
  A deep troll (D)
  An oklob plant (D)
  A shining eye (D)
  2 kobold demonologists (D)
  A hornet (D)
  A slime creature (D)
  Sigmund (D)
  A yak (D)
  2 redbacks (D)
  4 floating eyes (D)
  An ogre (D)
  A necrophage (D)
  7 jellies (D)
  Ijyb (D)
28 creatures vanquished.

Vanquished Creatures (collateral kills)
  7 shining eyes (D)
  2 floating eyes (D)
9 creatures vanquished.

Vanquished Creatures (others)
  2 ballistomycete spores (D)
2 creatures vanquished.

Grand Total: 39 creatures vanquished

Notes
Turn   | Place    | Note
-------+----------+-------------------------------------------
     0 | D        | sircluck the Troll Berserker began the quest for the Orb.
     0 | D        | Reached XP level 1. HP: 22/22 MP: 0/0
     1 | D        | Noticed Ijyb
    10 | D        | Killed Ijyb
    11 | D        | Reached skill level 4 in Unarmed Combat
    11 | D        | Reached XP level 2. HP: 18/31 MP: 1/1
    25 | D        | Noticed an ogre
    28 | D        | Killed an ogre
    29 | D        | Reached skill level 5 in Fighting
    29 | D        | Reached skill level 5 in Dodging
    29 | D        | Reached skill level 6 in Unarmed Combat
    29 | D        | Reached XP level 3. HP: 42/42 MP: 2/2
    29 | D        | Reached XP level 4. HP: 50/50 MP: 3/3
    40 | D        | Noticed Sigmund
    54 | D        | Killed Sigmund
    54 | D        | Reached ** piety under Trog
    55 | D        | Reached skill level 7 in Unarmed Combat
    55 | D        | Reached XP level 5. HP: 30/61 MP: 4/4
    67 | D        | Found an ornate altar of the Wu Jian Council.
    67 | D        | Found a shimmering blue altar of Sif Muna.
    70 | D        | Found a radiant altar of Vehumet.
    72 | D        | Reached XP level 6. HP: 54/68 MP: 5/5
    99 | D        | Found Icwonn's General Store.
    99 | D        | Found an ancient bone altar of Kikubaaqudgha.
    99 | D        | Found a hazy altar of Hepliaklqana.
    99 | D        | Found a hide-covered altar of Uskayaw.
    99 | D        | Found a basalt altar of Yredelemnul.
    99 | D        | Found an opulent altar of Gozag.
    99 | D        | Found a snail-covered altar of Cheibriados.
    99 | D        | Found a sacrificial altar of Ru.
    99 | D        | Found a shadowy altar of Dithmenos.
    99 | D        | Noticed a yak
   104 | D        | Killed a yak
   105 | D        | Reached skill level 8 in Unarmed Combat
   128 | D        | Found a stormy altar of Qazlal.
   128 | D        | Found a blossoming altar of Fedhas.
   128 | D        | Found a bloodstained altar of Trog.
   128 | D        | Found an iron altar of Okawaru.
   128 | D        | Found a glowing golden altar of the Shining One.
   128 | D        | Found a glowing silver altar of Zin.
   128 | D        | Found a white marble altar of Elyvilon.
   129 | D        | Found a sparkling altar of Nemelex Xobeh.
   144 | D        | Found a burning altar of Makhleb.
   144 | D        | Found a viscous altar of Jiyva.
   144 | D        | Found a shimmering altar of Xom.
   144 | D        | Found a corrupted altar of Lugonu.
   144 | D        | Noticed a slime creature
   153 | D        | Killed a slime creature
   153 | D        | Reached *** piety under Trog
   154 | D        | Reached skill level 9 in Unarmed Combat
   154 | D        | Reached XP level 7. HP: 43/80 MP: 6/6
   187 | D        | Noticed a kobold demonologist
   187 | D        | Noticed a kobold demonologist
   193 | D        | Noticed a hellwing
   194 | D        | Killed a kobold demonologist
   195 | D        | Reached skill level 10 in Unarmed Combat
   198 | D        | Killed a kobold demonologist
   198 | D        | Reached **** piety under Trog
   199 | D        | Reached XP level 8. HP: 71/92 MP: 7/7
   243 | D        | Noticed Sonja
   251 | D        | Killed Sonja
   252 | D        | Reached skill level 10 in Fighting
   252 | D        | Reached skill level 10 in Dodging
   252 | D        | Reached skill level 11 in Unarmed Combat
   307 | D        | Noticed a deep troll
   318 | D        | Killed a deep troll
   319 | D        | Reached skill level 12 in Unarmed Combat
   319 | D        | Reached XP level 9. HP: 87/102 MP: 8/8
   341 | D        | Found Qeed Roi's Armour Emporium.
   360 | D        | Found Dibacrik's Antique Weapon Boutique.
   383 | D        | Noticed a shining eye
   383 | D        | Noticed a shining eye
   383 | D        | Noticed a shining eye
   386 | D        | Killed a shining eye
   387 | D        | Reached skill level 13 in Unarmed Combat
   391 | D        | Noticed a shining eye
   391 | D        | Noticed a shining eye
   391 | D        | Noticed a shining eye
   391 | D        | Gained mutation: You occasionally lose the ability to drink
                  | potions when taking damage. [a shining eye]
   391 | D        | Gained mutation: Your body sometimes deteriorates upon
                  | taking damage. [a shining eye]
   392 | D        | Killed a shining eye
   394 | D        | Killed a shining eye
   396 | D        | Killed a shining eye
   396 | D        | Paralysed by a floating eye for 2 turns
   397 | D        | Reached XP level 10. HP: 115/115 MP: 9/9
   397 | D        | Killed a shining eye
   397 | D        | Reached ***** piety under Trog
   398 | D        | Reached skill level 14 in Unarmed Combat
   404 | D        | Paralysed by a floating eye for 2 turns
   406 | D        | Killed a shining eye
   410 | D        | Noticed a shining eye
   410 | D        | Noticed a shining eye
   410 | D        | Gained mutation: You have hidden genetic defects. [a
                  | shining eye]
   413 | D        | Killed a shining eye
   414 | D        | Gained mutation: You have terrible hidden genetic defects.
                  | [a shining eye]
   418 | D        | Gained mutation: Your body often deteriorates upon taking
                  | damage. [a shining eye]
   421 | D        | Gained mutation: Armour fits poorly on your strangely
                  | shaped body. [a shining eye]
   427 | D        | Gained mutation: You are dopey. (Int -2) [a shining eye]
   428 | D        | Killed a shining eye
   428 | D        | Received a gift from Trog
   435 | D        | Found Ciossym's Book Shop.
   435 | D        | Found Matedghi's Assorted Antiques.
   435 | D        | Found Pypippih's Armour Boutique.
   435 | D        | Found Jixassug's Distillery.
   452 | D        | Bought a metallic sapphire potion for 23 gold pieces
   452 | D        | Bought 2 orange potions for 46 gold pieces
   452 | D        | Bought a lumpy malachite amulet for 130 gold pieces
   454 | D        | Bought a potion of mutation for 96 gold pieces
   476 | D        | Noticed a centaur warrior
   483 | D        | Lost mutation: Your body often deteriorates upon taking
                  | damage. [potion of mutation]
   483 | D        | Lost mutation: You have terrible hidden genetic defects.
                  | [potion of mutation]
   483 | D        | Gained mutation: You are vulnerable to cold. (rC-) [potion
                  | of mutation]
   483 | D        | Gained mutation: You have a beak for a mouth. [potion of
                  | mutation]
   484 | D        | Lost mutation: You are vulnerable to cold. (rC-) [potion of
                  | mutation]
   484 | D        | Lost mutation: Your body sometimes deteriorates upon taking
                  | damage. [potion of mutation]
   484 | D        | Lost mutation: You occasionally lose the ability to drink
                  | potions when taking damage. [potion of mutation]
   484 | D        | Gained mutation: Your magical capacity is low. (-10% MP)
                  | [potion of mutation]
   484 | D        | Gained mutation: You have a somewhat thin skeletal
                  | structure. (Dex +2, Stealth+) [potion of mutation]
   785 | D        | Noticed a centaur warrior
   791 | D        | Killed a centaur warrior
   792 | D        | Reached skill level 15 in Unarmed Combat
   797 | D        | Killed a centaur warrior
   804 | D        | Gained mutation: You occasionally lose the ability to read
                  | scrolls when taking damage. [hidden defects]
   862 | D        | Noticed an oklob plant
   867 | D        | Killed an oklob plant
   885 | D        | Received a gift from Trog
   930 | D        | Reached XP level 11. HP: 127/127 MP: 8/8
   944 | D        | Found the +16 obsidian axe {drain, demonic, Mesm Drain Fly
                  | SInv}
   964 | D        | Slain by an unseen horror

Illustrated notes

Levels and vault maps discovered:
D:        dungeon_sprint_1 [red_sonja_temple_1, red_sonja_temple_small_1]

Skill      XL: |  1  2  3  4  5  6  7  8  9 10 |
---------------+-------------------------------+-----
Fighting       | 3 5 6 8 9 10 11 13 | 13.6
Dodging        | 3 5 6 8 9 10 11 13 | 13.4
Unarmed Combat | 4 6 7 9 10 12 13 15 | 15.8

Action                     |  1- 3 |  4- 6 |  7- 9 | 10-12 || total
---------------------------+-------+-------+-------+-------++-------
  Melee: Unarmed           |    10 |    26 |    22 |    41 ||    99
         Punch             |       |     2 |       |     4 ||     6
         Peck              |       |       |       |     6 ||     6
 Invoke: Berserk           |       |       |     2 |       ||     2
         Brothers in Arms  |       |       |     2 |       ||     2
         Trog's Hand       |       |       |       |     1 ||     1
  Evoke: Wand              |     1 |       |       |       ||     1
    Use: Potion            |       |       |       |     4 ||     4
   Stab: Sleeping          |       |       |       |     3 ||     3
 Armour: Animal skin       |       |       |     1 |       ||     1
         Robe              |       |       |       |     3 ||     3
  Dodge: Dodged            |     1 |     2 |    14 |    20 ||    37

Table legend: (Time is in decaauts)
 A = Elapsed time spent in this place.
 B = Non-inter-level travel time spent in this place.
 C = Inter-level travel time spent in this place.
 D = Time resting spent in this place.
 E = Time spent auto-exploring this place.
 F = Levels seen in this place.
 G = Mean time per level.
                   A        B        C        D        E       F      G
               +--------+--------+--------+--------+--------+-----+--------+
         Total |    967 |    900 |     67 |    384 |    124 |   1 |  967.0 |
       Dungeon |    967 |    900 |     67 |    384 |    124 |   1 |  967.0 |
               +--------+--------+--------+--------+--------+-----+--------+

Top non-repeatable levels by time:
       D: 967 daAuts
